 Dungeon Crawl Stone Soup version 0.28.0-53-g5a82cb258f (webtiles) character file.

Game seed: 9858322168811728020

837 buhh the Changer (level 7, -1/52 HPs)
             Began as an Octopode Transmuter on June 17, 2022.
             Slain by a wyvern skeleton (11 damage)
             ... on level 5 of the Dungeon.
             The game lasted 00:08:12 (3899 turns).

buhh the Changer (Octopode Transmuter)              Turns: 3899, Time: 00:08:12

Health: -1/52      AC:  1    Str:  9    XL:     7   Next: 99%
Magic:  10/10      EV: 13    Int: 17    God:
Gold:   104        SH:  0    Dex: 13    Spells: 7/10 levels left

rFire   . . .      SeeInvis +   j - +5 hand axe "Fumal" {vamp, Stlth+}
rCold   + . .      Faith    .   (no shield)
rNeg    . . .      Spirit   .   (helmet currently unavailable)
rPois   .          Reflect  .   (no amulet)
rElec   .          Harm     .   d - ring of protection from cold
rCorr   .          Rampage  .   c - ring of see invisible
Will    .....                   (no ring)
Stlth   ++++......              (no ring)
HPRegen 0.17/turn               (no ring)
MPRegen 0.12/turn               (no ring)
                                (no ring)
                                (no ring)

@: about to teleport, appendages (expiring)
A: tentacle spike 3, almost no armour, amphibious, 8 rings, camouflage 1,
gelatinous body 1, (nimble swimmer 1), tentacles
a: End Transformation


You were on level 5 of the Dungeon.
One of your tentacles had grown a beastly spike.
You visited 1 branch of the dungeon, and saw 6 of its levels.

You collected 104 gold pieces.

Inventory:

Hand Weapons
 j - the +5 hand axe "Fumal" (weapon) {vamp, Stlth+}
   (You found it on level 5 of the Dungeon)

   It occasionally heals its wielder for a portion of the damage dealt when it
   wounds a living foe.
   Stlth:     It makes you more stealthy.
Jewellery
 c - a ring of see invisible (right tentacle)
 d - a ring of protection from cold (left tentacle)
Scrolls
 a - a scroll of immolation {unknown}
 b - a scroll of brand weapon {unknown}
 e - a scroll of torment {unknown}
 g - a scroll of identify {!d}
 t - a scroll of teleportation {!d}
Potions
 f - a potion of curing {unknown}
 h - a potion of might {unknown}
 i - a potion of lignification {unknown}


   Skills:
 - Level 6.0 Fighting
 - Level 2.0 Dodging
 - Level 1.0 Stealth
 - Level 3.0 Unarmed Combat
 - Level 2.0 Spellcasting
 * Level 6.5 Transmutations


You had 7 spell levels left.
You knew the following spells:

 Your Spells              Type           Power      Damage    Failure   Level
a - Beastly Appendage     Tmut           46%        N/A       1%          1
b - Wereblood             Tmut           23%        N/A       1%          2

Your spell library contained the following spells:

 Spells                   Type           Power      Damage    Failure   Level
 Spider Form              Tmut/Pois      12%        N/A       16%         3
 Slow                     Hex            4%         N/A       19%         1
 Blade Hands              Tmut           11%        N/A       36%         5
 Ice Form                 Ice/Tmut       12%        N/A       45%         4
 Confusing Touch          Hex            1%         N/A       50%         3
 Vampiric Draining        Necr           1%         2d6       50%         3
 Irradiate                Conj/Tmut      6%         3d15      80%         5
 Dragon Form              Tmut           11%        N/A       100%        7


Dungeon Overview and Level Annotations

Branches:
Dungeon (6/15)
 Temple: D:4-7

Altars:
Elyvilon

Annotations:
D:3 Terence


Innate Abilities, Weirdness & Mutations

One of your tentacles has grown a beastly spike.
You cannot wear most types of armour.
You are amphibious.
You can wear up to eight rings at the same time.
Your skin changes colour to match your surroundings (Stealth+).
Your rubbery body absorbs attacks. (AC +1, EV +1)
((You are camouflaged when in or above water. (Stealth+)))
You have tentacles for arms and can constrict up to eight enemies at once.


Message History

Your Transmutations skill increases to level 6!
You closely miss the phantom.
Your tentacle spike misses the phantom.
You squeeze the phantom, but do no damage.
The phantom hits you.
You hit the phantom.
You squeeze the phantom, but do no damage.
The phantom is lightly damaged.
The phantom barely misses you.
You barely miss the phantom. You squeeze the phantom!
The phantom is moderately damaged.
The phantom hits you.
The phantom blinks!
You blink.
The phantom misses you.
You closely miss the phantom.
The phantom is moderately damaged.
The phantom closely misses you.
You hit the phantom.
The phantom is heavily damaged.
The phantom hits you.
You slash the phantom!
Your tentacle spike misses the phantom.
The phantom is severely damaged.
The phantom barely misses you. The phantom hits you.
The phantom blinks!
You blink.
You hit the phantom but do no damage. You tentacle-slap the phantom.
The phantom is almost destroyed.
The phantom hits you.
You hit the phantom.
The phantom is almost destroyed.
Your transformation is almost over.
The phantom closely misses you.
You slash the phantom!
You destroy the phantom!
You slash the wyvern skeleton!
You pierce the wyvern skeleton.
You squeeze the wyvern skeleton.
The wyvern skeleton is moderately damaged.
The wyvern skeleton bites you!
* * * LOW HITPOINT WARNING * * *
As you read the scroll of teleportation {!d}, it crumbles to dust.
You feel strangely unstable. The wyvern skeleton bites you.
* * * LOW HITPOINT WARNING * * *
The wyvern skeleton bites you!
You die...

##.#.........# ####.###
##.#########.# ##.## ##.# #.#
#...# ##.# #.### #...# ...######
#...# #...# #.......# ###.# #...#
#.......# #.# ######...#######
#.......######.###.............##
#...............@Z...............
#.......###.##..#..............##
#.......###.#...#.#####...######.
#.........#.#.#.#[# #...# ###
#######.#.......#)# ###.[.### #..
####.#[#.....).# #.......###.#
###....#......[### #.#....<....#
##..[#######....# #.##.##.##..#
...#....#....#.## #.##†...##...


You could see a wyvern skeleton.

Vanquished Creatures
  2 necrophages (D:5)
  2 black bears (D:5)
  A phantom (D:5)
  A howler monkey (D:5)
  A jelly (D:5)
  An orc priest (D:5)
  2 hounds (D:5)
  Jessica (D:2)
  2 orc wizards (D:5)
  A howler monkey zombie (D:5)
  4 gnolls
  6 adders
  A white imp (D:5)
  A worm (D:3)
  A dart slug (D:3)
  10 orcs
  5 ball pythons
  An endoplasm (D:2)
  3 giant cockroaches (D:1)
  3 hobgoblins
  2 jackals (D:5)
  4 kobolds
  3 quokkas
  6 bats
  3 frilled lizards
  6 goblins
  3 rats
76 creatures vanquished.

Notes
Turn   | Place    | Note
-------+----------+-------------------------------------------
     0 | D:1      | buhh the Octopode Transmuter began the quest for the Orb.
     0 | D:1      | Reached XP level 1. HP: 13/13 MP: 3/3
   175 | D:1      | Reached XP level 2. HP: 16/19 MP: 3/5
   423 | D:1      | Found a faded altar of an unknown god.
   736 | D:1      | Reached XP level 3. HP: 14/25 MP: 4/6
   878 | D:1      | Learned a level 2 spell: Wereblood
   951 | D:2      | Noticed Jessica
   962 | D:2      | Killed Jessica
   994 | D:2      | Reached XP level 4. HP: 29/32 MP: 5/7
  1842 | D:3      | Noticed Terence
  1950 | D:3      | Reached XP level 5. HP: 28/38 MP: 6/8
  2384 | D:3      | Found a white marble altar of Elyvilon.
  2400 | D:3      | You fall into a shaft and drop 3 floors!
  2423 | D:5      | Entered Level 5 of the Dungeon
  2619 | D:5      | Noticed a necrophage
  2638 | D:5      | Noticed a phantom
  2676 | D:5      | Noticed a necrophage
  2683 | D:5      | Killed a necrophage
  2684 | D:5      | Reached XP level 6. HP: 41/46 MP: 7/9
  2717 | D:5      | Noticed a black bear
  2744 | D:4      | Noticed a black bear
  3072 | D:5      | Reached XP level 7. HP: 11/52 MP: 8/10
  3571 | D:5      | Identified the +5 hand axe "Fumal" {vamp, Stlth+}
  3899 | D:5      | Slain by a wyvern skeleton

Illustrated notes

Levels and vault maps discovered:
D:1:      lemuel_arrival_cross, layout_rooms, hellmonk_ecumenical_altar_lost_god
D:2:      layout_basic, minmay_statues_item, minivault_23, uniq_jessica
D:3:      minmay_thinvault, layout_loops_cross, elyvilon_altar_3,
          gammafunk_temple_overflow_forgotten, minmay_misc_feat_rugged,
          uniq_terence
D:4:      layout_cave_pools, grunt_qazlal_sundering,
          minmay_temple_entry_butterflies
D:5:      layout_loops_cross, grunt_tough_drop
D:6:      layout_gridville, minmay_shop_damaged

Skill      XL: |  1  2  3  4  5  6  7 |
---------------+----------------------+-----
Stealth        | 1 |  1.0
Fighting       | 2 3 4 5 6 |  6.0
Transmutations | 4 6 |  6.5
Dodging        | |  2.0
Unarmed Combat | |  3.0
Spellcasting   | |  2.0

Action                   |  1- 3 |  4- 6 |  7- 9 || total
-------------------------+-------+-------+-------++-------
Melee: Unarmed           |    51 |   129 |     4 ||   184
       Constrict         |    11 |    35 |     5 ||    51
       Tentacles         |     9 |    34 |    11 ||    54
       Kick              |    14 |    51 |     9 ||    74
       Punch             |       |     4 |     2 ||     6
       Hand axe          |       |       |    22 ||    22
 Cast: Beastly Appendage |    14 |    30 |     6 ||    50
  Use: Scroll            |     3 |     1 |     1 ||     5
       Potion            |     1 |     2 |     1 ||     4
 Stab: Sleeping          |     7 |     3 |       ||    10
       Distracted        |       |     2 |       ||     2
Armor: Skin              |     5 |    10 |     3 ||    18
Dodge: Dodged            |    26 |    81 |    21 ||   128
